 Dungeon Crawl Stone Soup version 0.30.0-3-ga4e48a9924 (webtiles) character file.

Game seed: 11656566189628995828

81 RascalDebosk the Trooper (level 4, -1/35 HPs)
             Began as a Djinni Warper on May 7, 2023.
             Slain by a water moccasin (7 damage)
             ... on level 3 of the Dungeon.
             The game lasted 00:12:31 (1955 turns).

RascalDebosk the Trooper (Djinni Warper)            Turns: 1955, Time: 00:12:32

Health: -1/35      AC:  6    Str: 10    XL:     4   Next: 68%
Gold:   95         EV: 12    Int: 16    God:
                   SH:  0    Dex: 19

rFire   + + .        a - +0 falchion
rCold   x . .        (no shield)
rNeg    . . .        p - +3 leather armour
rPois   ∞            (no helmet)
rElec   .            (no cloak)
rCorr   .            (no gloves)
SInv    .            (boots unavailable)
Will    .....        (no amulet)
Stlth   +            q - +6 ring of dexterity
HPRegen 0.25/turn    (no ring)
MPRegen 0.00/turn

%: infuse magic (-2 HP)
@: flying
A: sickness immunity, fire resistance 2, cold vulnerability 1, float, innate
caster, HP casting, extra vitality 1
a: no special abilities


You were on level 3 of the Dungeon.
You visited 1 branch of the dungeon, and saw 3 of its levels.

You collected 95 gold pieces.

Inventory:

Hand Weapons
 a - a +0 falchion (weapon)
Missiles
 d - 7 boomerangs of dispersal (quivered)
Armour
 b - a +0 leather armour
 m - a +0 scale mail
 p - a +3 leather armour (worn)
Jewellery
 f - a ring of see invisible
 q - a +6 ring of dexterity (left hand)
Wands
 r - a wand of roots (6)
Scrolls
 g - 2 scrolls of blinking
 l - a scroll of magic mapping {unknown}
 n - 2 scrolls of acquirement {unknown}
 o - a scroll of noise {unknown}
Potions
 c - 2 potions of mutation
 e - 2 potions of curing
 h - 4 potions of heal wounds
 i - a potion of ambrosia {unknown}
 j - a potion of brilliance
 k - a potion of haste


   Skills:
 * Level 3.4 Fighting
 - Level 1.7 Long Blades
 - Level 0.7 Throwing
 - Level 1.0 Armour
 - Level 2.1 Dodging
 * Level 3.2 Spellcasting


You knew the following spells:

 Your Spells              Type           Power      Damage    Failure   Level
a - Blink                 Tloc           26%        N/A       10%         2
b - Lesser Beckoning      Tloc           26%        N/A       10%         2
c - Vhi's Electric Charg  Tloc/Air       26%        N/A       19%         3
d - Teleport Other        Tloc           13%        N/A       19%         3
e - Manifold Assault      Tloc           13%        N/A       54%         4
f - Summon Small Mammal   Summ           52%        N/A       6%          1
Your spell library was empty.

Dungeon Overview and Level Annotations

Branches:
Dungeon (3/15)

Altars:

Shops:
D:1 !


Innate Abilities, Weirdness & Mutations

You are immune to sickness and miasma.
You are immune to poison.
Your flesh is very heat resistant. (rF++)
You are vulnerable to cold. (rC-)
You float through the air rather than walking.
You learn spells naturally, not from books.
Your magical power is your life essence.
You have superior vitality. (+4 MHP)


Message History

Ijyb is moderately wounded.
Ijyb hits you but does no damage. The grasping roots constrict you.
* * * LOW HITPOINT WARNING * * *
The grasping roots release their grip on you.
You slash Ijyb!
Ijyb is heavily wounded.
Ijyb barely misses you.
Ijyb zaps a wand.
The roots erupt in riotous growth!
The grasping roots grab you!
Ijyb is unaffected.
The grasping roots constrict you.
You hit Ijyb.
Ijyb is severely wounded.
Ijyb hits you but does no damage. The grasping roots constrict you.
You hit Ijyb.
Ijyb is almost dead.
Ijyb hits you but does no damage. The grasping roots constrict you.
* * * LOW HITPOINT WARNING * * *
Unknown command.
You hit Ijyb.
You kill Ijyb!
r - a wand of roots (6);
e - 2 potions of curing (gained 1)
Things that are here:
a +0 club; a +0 chain mail; the goblin corpse of Ijyb You start resting.
HP restored.
h - 4 potions of heal wounds (gained 1)
A hobgoblin comes into view.
The hobgoblin shouts!
The hobgoblin barely misses you.
You hit the hobgoblin but do no damage.
The hobgoblin hits you but does no damage.
You slash the hobgoblin!
You kill the hobgoblin!
You see here a hobgoblin corpse.
Found 16 gold pieces.
An orc comes into view. It is wielding a +0 club.
The orc shouts!
Found a stone staircase leading up.
You see here 16 gold pieces.
A water moccasin comes into view.
The orc misses you.
The water moccasin hisses angrily.
You hit the orc.
The orc is moderately wounded.
The orc barely misses you.
You hit the orc.
You kill the orc!
The water moccasin bites you.
Things that are here:
a +0 club; a +0 chain mail; an orc corpse You barely miss the water moccasin.
The water moccasin bites you.
You hit the water moccasin but do no damage.
The water moccasin bites you! The water moccasin closely misses you.
You hit the water moccasin.
The water moccasin is lightly wounded.
The water moccasin bites you!
* * * LOW HITPOINT WARNING * * *
The water moccasin bites you but does no damage.
You closely miss the water moccasin.
The water moccasin is lightly wounded.
The water moccasin bites you but does no damage.
You miss the water moccasin.
The water moccasin is lightly wounded.
The water moccasin closely misses you. The water moccasin bites you.
* * * LOW HITPOINT WARNING * * *
You miss the water moccasin.
The water moccasin is lightly wounded.
The water moccasin bites you.
* * * LOW HITPOINT WARNING * * *
The water moccasin barely misses you.
You slash the water moccasin!
The water moccasin is moderately wounded.
The water moccasin completely misses you.
The water moccasin bites you but does no damage.
You closely miss the water moccasin.
The water moccasin is moderately wounded.
The water moccasin bites you.
* * * LOW HITPOINT WARNING * * *
You slash the water moccasin!
The water moccasin is heavily wounded.
The water moccasin barely misses you. The water moccasin misses you.
Unknown command.
You hit the water moccasin.
The water moccasin is severely wounded.
The water moccasin bites you.
* * * LOW HITPOINT WARNING * * *
The water moccasin bites you.
* * * LOW HITPOINT WARNING * * *
You hit the water moccasin but do no damage.
The water moccasin is severely wounded.
The water moccasin bites you but does no damage.
You miss the water moccasin.
The water moccasin is severely wounded.
The water moccasin closely misses you.
The water moccasin bites you but does no damage.
You closely miss the water moccasin.
The water moccasin is heavily wounded.
The water moccasin bites you!
You die...

#. .# #. ##. ## #.. #
<.. ..##### #.# ......
#.# #.###.. #S# #......
#@# #####.# #.# #.# #$#
#.# ##.# ######.#
#..#########.......
#.....#........†.......#
..##.###....############
## #.##### #.#


You could see a water moccasin.

Vanquished Creatures
  Ijyb (D:3)
  An adder (D:3)
  A dart slug (D:1)
  An orc (D:3)
  4 endoplasms (D:1)
  5 goblins
  8 hobgoblins
  2 quokkas
  5 ball pythons (D:1)
  3 bats
  2 frilled lizards
  5 kobolds
  3 rats
41 creatures vanquished.

Notes
Turn   | Place    | Note
-------+----------+-------------------------------------------
     0 | D:1      | RascalDebosk the Djinni Warper began the quest for the Orb.
     0 | D:1      | RascalDebosk set off with the following spells memorised:
                  | Blink, Lesser Beckoning, Vhi's Electric Charge, Teleport
                  | Other, Manifold Assault.
     0 | D:1      | Reached XP level 1. HP: 18/18 MP: 0/0
    95 | D:1      | Reached XP level 2. HP: 24/24 MP: 0/0
   211 | D:1      | Found a faded altar of an unknown god.
   245 | D:1      | Found Deib's Distillery.
   404 | D:1      | Reached XP level 3. HP: 22/29 MP: 0/0
   404 | D:1      | Learned a level 1 spell: Summon Small Mammal
  1732 | D:3      | Reached XP level 4. HP: 34/35 MP: 0/0
  1799 | D:3      | Noticed Ijyb
  1821 | D:3      | Killed Ijyb
  1939 | D:3      | Noticed a water moccasin
  1955 | D:3      | Slain by a water moccasin

Illustrated notes

Levels and vault maps discovered:
D:1:      evilmike_arrival_rings, layout_basic,
          hellmonk_ecumenical_altar_lost_god, serial_shops,
          nicolae_shop_industrial_runoff
D:2:      layout_loops_cross, serial_aquarium, aquarium_bridge_straight
          [aquarium_subvault_bridge, aquarium_subvault_wall,
          aquarium_subvault_bridge, aquarium_subvault_wall],
          aquarium_bridge_straight [aquarium_subvault_bridge,
          aquarium_subvault_wall, aquarium_subvault_bridge,
          aquarium_subvault_window], aquarium_window_2,
          aquarium_window_corridor_1, aquarium_view_2e, aquarium_view_2d,
          minmay_distorted
D:3:      layout_loops_ring, old_standard_altar, zin_scriptorium,
          eino_tiny_chamber, uniq_ijyb

Skill      XL: |  1  2  3 |
---------------+----------+-----
Spellcasting   | 3 |  3.2
Fighting       | 3 |  3.4
Long Blades    | |  1.7
Throwing       | |  0.7
Armour         | |  1.0
Dodging        | |  2.1

Action                     |  1- 3 |  4- 6 || total
---------------------------+-------+-------++-------
  Melee: Falchion          |   124 |    31 ||   155
   Cast: Vhi's Electric Ch |     3 |     1 ||     4
         Manifold Assault  |       |     1 ||     1
    Use: Scroll            |       |     5 ||     5
   Stab: Sleeping          |     1 |       ||     1
 Armour: Leather armour    |    38 |    11 ||    49
  Dodge: Dodged            |    93 |    14 ||   107
